 Dungeon Crawl Stone Soup version 0.29.1-15-g9cfb28693d (webtiles) character file.

Game seed: 15136389962556373968

12 protoss039 the Digger (level 2, 20/20 HPs)
             Began as a Demonspawn Earth Elementalist on Mar 21, 2023.
             Got out of the dungeon alive.
             The game lasted 00:00:54 (455 turns).

protoss039 the Digger (DsEE)                         Turns: 455, Time: 00:00:55

Health: 20/20      AC:  5    Str:  8    XL:     2   Next: 20%
Magic:  4/5        EV: 10    Int: 16    God:
Gold:   26         SH:  0    Dex: 13    Spells: 4/5 levels left

rFire   . . .      SeeInvis .   f - +2 whip (drain)
rCold   . . .      Faith    .   (no shield)
rNeg    . . .      Spirit   .   d - +0 ring mail
rPois   .          Reflect  .   (helmet restricted)
rElec   .          Harm     .   (no cloak)
rCorr   .          Rampage  .   (no gloves)
Will    .....                   (no boots)
Stlth   +.........              (no amulet)
HPRegen 0.06/turn               (no ring)
MPRegen 0.09/turn               (no ring)

@: no status effects
A: horns 1
a: no special abilities


You escaped.
You visited 1 branch of the dungeon, and saw 1 of its levels.

You collected 26 gold pieces.

Inventory:

Hand Weapons
 e - a +0 dagger
 f - a +2 whip of draining (weapon)
Armour
 d - a +0 ring mail (worn)
Scrolls
 a - a scroll of magic mapping {unknown}
 c - a scroll of vulnerability {unknown}
Potions
 b - a potion of magic


   Skills:
 + Level 0.8 Fighting
 * Level 0.2 Armour
 - Level 1.7 Dodging
 - Level 1.7 Stealth
 + Level 2.2 Spellcasting
 - Level 0.8 Transmutations
 + Level 2.9 Earth Magic


You had 4 spell levels left.
You knew the following spells:

 Your Spells              Type           Power      Damage    Failure   Level
a - Sandblast             Erth           22%        2d7       19%         1

Your spell library contained the following spells:

 Spells                   Type           Power      Damage    Failure   Level
 Passwall                 Tmut/Erth      5%         N/A       41%         2
 Stone Arrow              Conj/Erth      12%        3d7       71%         3
 Petrify                  Tmut/Erth      7%         N/A       96%         4


Dungeon Overview and Level Annotations

Branches:
Dungeon (1/15) Zot: 5541

Altars:


Innate Abilities, Weirdness & Mutations

You have a pair of small horns on your head.


Message History

A pair of horns grows on your head!
Unknown command.
You hit the frilled lizard.
You kill the frilled lizard!
Unknown command.
Unknown command.
a - a scroll labelled ASEABU HOLA A giant cockroach comes into view.
Your magical contamination has completely faded away.
You see here a +2 whip of draining.
f - a +2 whip of draining You sense an unholy aura.
f - a +2 whip of draining (weapon)
An endoplasm comes into view.
Found 14 gold pieces.
The giant cockroach barely misses you.
You barely miss the giant cockroach. The giant cockroach misses you. x2
You hit the giant cockroach.
The giant cockroach is moderately wounded.
The giant cockroach barely misses you.
You closely miss the giant cockroach.
You headbutt the giant cockroach, but do no damage.
The giant cockroach is moderately wounded.
The endoplasm quivers.
The giant cockroach bites you but does no damage.
You hit the giant cockroach. You drain the giant cockroach.
You kill the giant cockroach!
You see here a giant cockroach corpse.
You hit the endoplasm.
The endoplasm is severely wounded.
The endoplasm completely misses you.
The endoplasm hits you but does no damage.
You hit the endoplasm. You drain the endoplasm.
You kill the endoplasm!
No target in view!
There is a stone staircase leading down here.
There is a staircase leading out of the dungeon here.
Are you sure you want to leave the Dungeon?
This will make you lose the game!
Alright, then stay!
Are you sure you want to leave the Dungeon?
This will make you lose the game!
You have escaped!

#........ #.######.
#........ ♣♣♣#..##..#.
♣♣♣♣..#..##..#.
♣..♣♣........#.
♣♣♣♣♣♣..♣.....##..#.
...♣♣....♣...♣♣#..##..#.
♣....@...♣♣♣ #..##..#.
.........♣.♣ #..##..#'
♣♣♣♣♣♣♣♣♣♣♣♣ #..##....
#..##.... #..##....
#..##.... #..####..
#........ #..###...


There were no monsters in sight!

Vanquished Creatures
  A dart slug (D:1)
  An endoplasm (D:1)
  A giant cockroach (D:1)
  2 goblins (D:1)
  A kobold (D:1)
  A quokka (D:1)
  A frilled lizard (D:1)
  A rat (D:1)
9 creatures vanquished.

Notes
Turn   | Place    | Note
-------+----------+-------------------------------------------
     0 | D:1      | protoss039 the Demonspawn Earth Elementalist began the
                  | quest for the Orb.
     0 | D:1      | Reached XP level 1. HP: 13/13 MP: 3/3
   408 | D:1      | Gained mutation: You have a pair of small horns on your
                  | head. [demonic ancestry]
   408 | D:1      | Reached XP level 2. HP: 19/20 MP: 0/5
   455 | D:$      | Got out of the dungeon alive.

Illustrated notes

Levels and vault maps discovered:
D:1:      roderic_dead_forest, layout_basic,
          shapermc_ecumenical_altar_totnotflames

Action                   || total
-------------------------++-------
Melee: Dagger            ||     8
       Whip              ||     6
       Headbutt          ||     1
 Cast: Sandblast         ||     8
Armor: Ring mail         ||     7
       Robe              ||     1
Dodge: Dodged            ||    11
